 Dungeon Crawl Stone Soup version 0.31-a0-222-gefeffbb62a (webtiles) character file.

Game seed: 4660284660540808177

140 qw the Shield-Bearer (level 5, -4/32 HPs)
             Began as a Gargoyle Fighter on July 4, 2023.
             Killed from afar by Natasha (7 damage)
             ... with a magic dart
             ... on level 2 of the Dungeon.
             The game lasted 00:00:59 (1408 turns).

qw the Shield-Bearer (Gargoyle Fighter)             Turns: 1408, Time: 00:01:00

Health: -4/32      AC: 10    Str: 22    XL:     5   Next: 23%
Magic:  5/5        EV:  8    Int:  8    God:
Gold:   51         SH: 13    Dex:  9    Spells: 4/4 levels left

rFire   . . .        Y - +0 war axe
rCold   . . .        i - +0 kite shield
rNeg    + . .        b - +0 scale mail
rPois   inf          (helmet restricted)
rElec   +            (no cloak)
rCorr   .            (no gloves)
SInv    +            (no boots)
Will    .....        g - amulet of reflection Stlth
                     (no ring)
HPRegen 0.25/turn    (no ring)
MPRegen 0.09/turn

%: reflection
@: slowed, very slow
A: sickness immunity, AC +4, negative energy resistance 1, electricity
resistance, torment resistance 1, petrification resistance, horns 1, see
invisible
a: no special abilities


You were on level 2 of the Dungeon.
You visited 1 branch of the dungeon, and saw 2 of its levels.

You collected 51 gold pieces.


Innate Abilities, Weirdness & Mutations

You are immune to sickness and miasma.
Your stone body is resilient. (AC +4)
You are immune to poison.
You resist negative energy. (rN+)
You are resistant to electric shocks. (rElec)
You are resistant to unholy torment.
You are immune to petrification.
You have a pair of small horns on your head.
You have supernaturally acute eyesight. (SInv)


   Skills:
 - Level 3.2 Fighting
 - Level 4.0 Axes
 - Level 3.2 Armour
 + Level 4.5 Shields


You had 4 spell levels left.
You didn't know any spells.
Your spell library was empty.

Inventory:

Hand Weapons
 f - a +0 whip
 Y - a +0 war axe (weapon)
Armour
 b - a +0 scale mail (worn)
 i - a +0 kite shield (worn)
Jewellery
 g - an amulet of reflection (around neck)
Scrolls
 c - a scroll of enchant armour
 e - a scroll of teleportation {unknown}
Potions
 a - a potion of magic {unknown}
 d - 2 potions of might
 h - a potion of attraction {unknown}
 j - a potion of mutation

Dungeon Overview and Level Annotations

Branches:
Dungeon (2/15)

Altars:

Annotations:
D:2 Natasha


Message History

You block the cerulean imp's attack. x2; Natasha barely misses you.
The cerulean imp barely misses you.
You closely miss the cerulean imp.
The cerulean imp is almost dead.
You hit Natasha but do no damage. The cerulean imp closely misses you.
You block the cerulean imp's attack.
The cerulean imp hits you but does no damage.
Natasha stares at you and mumbles some strange words.
You feel yourself slow down.
The cerulean imp hits you with a +2 spear.
You closely miss the cerulean imp. Your headbutt misses the cerulean imp.
The cerulean imp is almost dead.
You closely miss Natasha.
The cerulean imp disappears in a puff of smoke!
You block the cerulean imp's attack.
Natasha zaps a wand.
The puff of flame hits you!
The cerulean imp hits you with a +2 spear.
You block the cerulean imp's attack. Natasha claws you.
The cerulean imp closely misses you.
You closely miss the cerulean imp.
The cerulean imp is almost dead.
You slash Natasha! The cerulean imp closely misses you.
Natasha claws you but does no damage.
The cerulean imp barely misses you. x2; You block Natasha's attack.
The cerulean imp closely misses you.
The cerulean imp hits you but does no damage.
You miss the cerulean imp. You headbutt the cerulean imp.
You kill the cerulean imp!
The cerulean imp disappears in a puff of smoke!
You closely miss Natasha.
Natasha zaps a wand.
The puff of flame hits you.
The cerulean imp hits you from afar with a +2 spear.
Natasha casts a spell at you.
You feel as though you will be slow longer.
The cerulean imp barely misses you.
Natasha wildly gestures.
Natasha shimmers violently.
Natasha casts a spell at you. The magic dart hits you!
You die...

#.. #.. #.. # #.. #. +..
#.. ..###.. #... .......
#....########.##.######
#....h@ยค...<......#####
#...5##.###.#.##.##....
#....##.###.#.# .##.###
#........##.#.##.##.#
+.$..............##.#
#....##...#...#.###.#
#.... #...#...#.###.#
#... #...........).# ###
#.........#####


You could see Natasha and a cerulean imp (summoned).

Vanquished Creatures
  Natasha (twice) (D:2)
  A gnoll (D:1)
  2 adders (D:2)
  A worm (D:2)
  4 ball pythons
  3 endoplasms
  5 giant cockroaches (D:2)
  10 goblins
  7 hobgoblins
  3 jackals (D:1)
  7 kobolds
  3 quokkas
  A bat (D:1)
  4 frilled lizards (D:1)
  6 rats
59 creatures vanquished.

Notes
Turn   | Place    | Note
-------+----------+-------------------------------------------
     0 | D:1      | qw the Gargoyle Fighter began the quest for the Orb.
     0 | D:1      | Reached XP level 1. HP: 14/14 MP: 1/1
     0 | D:1      | 0 ||| qw: Version: 0.3-a-46-gb1f654a
     0 | D:1      | 0 ||| qw: Game counter: 931
     0 | D:1      | 0 ||| qw: Melee chars always use a shield: true
     0 | D:1      | 0 ||| qw: God list: Okawaru
     0 | D:1      | 0 ||| qw: Allow faded altars: false
     0 | D:1      | 0 ||| qw: Do Orc after clearing Dungeon:15 true
     0 | D:1      | 0 ||| qw: Do second Lair branch before Depths: true
     0 | D:1      | 0 ||| qw: Lair rune preference: random
     0 | D:1      | 0 ||| qw: Goals: Normal, Zot:1-4, Slime:5, God:TSO, Crypt,
                  | Tomb, Abyss, Pan, Hells, Win
     0 | D:1      | 0 ||| PLANNING D:1-11
    67 | D:1      | Reached XP level 2. HP: 19/19 MP: 2/2
    71 | D:1      | 71 ||| Stepping ~*~*~tactically~*~*~ (hiding).
    73 | D:1      | 73 ||| Stepping ~*~*~tactically~*~*~ (hiding).
    81 | D:1      | 81 ||| FLEEEEING.
    82 | D:1      | 82 ||| FLEEEEING.
    85 | D:1      | 85 ||| FLEEEEING.
    86 | D:1      | 86 ||| FLEEEEING.
    87 | D:1      | 87 ||| FLEEEEING.
    88 | D:1      | 88 ||| FLEEEEING.
    92 | D:1      | 92 ||| FLEEEEING.
    93 | D:1      | 93 ||| FLEEEEING.
    94 | D:1      | 94 ||| FLEEEEING.
   129 | D:1      | 129 ||| DROPPING +0 club.
   220 | D:1      | 220 ||| FLEEEEING.
   221 | D:1      | 221 ||| FLEEEEING.
   222 | D:1      | 222 ||| FLEEEEING.
   223 | D:1      | 223 ||| FLEEEEING.
   224 | D:1      | 224 ||| FLEEEEING.
   225 | D:1      | 225 ||| FLEEEEING.
   243 | D:1      | Reached skill level 3 in Axes
   243 | D:1      | Reached XP level 3. HP: 9/23 MP: 3/3
   259 | D:1      | 259 ||| Stepping ~*~*~tactically~*~*~ (stealth).
   312 | D:1      | Found a faded altar of an unknown god.
   825 | D:1      | 825 ||| Stepping ~*~*~tactically~*~*~ (stealth).
   967 | D:1      | 967 ||| UPGRADING to +0 kite shield.
   977 | D:1      | 977 ||| DROPPING +0 buckler.
   978 | D:1      | 978 ||| UPGRADING to +0 helmet.
   983 | D:1      | 983 ||| UPGRADING to amulet of reflection.
   988 | D:1      | 988 ||| READING scroll labelled ULAAFA VINOIR.
   989 | D:1      | 989 ||| READING scroll labelled JOFUQA OGAGH.
   990 | D:1      | 990 ||| DRINKING 2 glowing silvery potions.
   990 | D:1      | Gained mutation: You have supernaturally acute eyesight.
                  | (SInv) [potion of mutation]
   990 | D:1      | Gained mutation: You have a pair of small horns on your
                  | head. [potion of mutation]
   991 | D:1      | 991 ||| DROPPING +0 helmet.
  1108 | D:2      | Reached XP level 4. HP: 28/28 MP: 4/4
  1109 | D:2      | 1109 ||| Stepping ~*~*~tactically~*~*~ (stealth).
  1110 | D:2      | 1110 ||| Stepping ~*~*~tactically~*~*~ (stealth).
  1111 | D:2      | 1111 ||| Stepping ~*~*~tactically~*~*~ (stealth).
  1120 | D:2      | 1120 ||| Stepping ~*~*~tactically~*~*~ (stealth).
  1136 | D:2      | 1136 ||| Stepping ~*~*~tactically~*~*~ (stealth).
  1221 | D:2      | Noticed Natasha
  1222 | D:2      | 1222 ||| Stepping ~*~*~tactically~*~*~ (hiding).
  1229 | D:2      | Killed Natasha
  1253 | D:2      | Noticed Natasha
  1254 | D:2      | 1254 ||| Stepping ~*~*~tactically~*~*~ (hiding).
  1258 | D:2      | Killed Natasha
  1259 | D:2      | Reached XP level 5. HP: 32/32 MP: 5/5
  1376 | D:2      | 1376 ||| Stepping ~*~*~tactically~*~*~ (stealth).
  1377 | D:2      | 1377 ||| Stepping ~*~*~tactically~*~*~ (stealth).
  1378 | D:2      | 1378 ||| Stepping ~*~*~tactically~*~*~ (stealth).
  1379 | D:2      | 1379 ||| Stepping ~*~*~tactically~*~*~ (stealth).
  1380 | D:2      | 1380 ||| Stepping ~*~*~tactically~*~*~ (stealth).
  1392 | D:2      | Noticed Natasha
  1393 | D:2      | 1393 ||| Stepping ~*~*~tactically~*~*~ (stealth).
  1406 | D:2      | HP: 5/32 [Natasha (4)]
  1408 | D:2      | Killed from afar by Natasha

Levels and vault maps discovered:
D:1:      lemuel_arrival_muddy, layout_basic,
          shapermc_ecumenical_altar_totnotflames, minmay_vboxes
D:2:      layout_basic, kennysheep_generic_room_11, uniq_natasha

Skill      XL: |  1  2  3  4 |
---------------+-------------+-----
Axes           | 2 3 4 |  4.0
Shields        | 4 |  4.5
Fighting       | |  3.2
Armour         | |  3.2

Action                     |  1- 3 |  4- 6 || total
---------------------------+-------+-------++-------
  Melee: War axe           |    94 |    58 ||   152
         Headbutt          |       |    13 ||    13
    Use: Scroll            |     2 |       ||     2
         Potion            |     1 |       ||     1
 Armour: Scale mail        |    47 |    27 ||    74
  Dodge: Dodged            |    36 |    20 ||    56
  Block: Buckler           |    11 |       ||    11
         Kite shield       |     1 |    40 ||    41
         Reflection        |       |     1 ||     1

Table legend:
 A = Non-vault XP
 B = Vault XP
 C = Vault XP percentage of total XP
 D = Non-vault monster count
 E = Vault monster count
 F = Vault count percentage of total count
                 A         B        C        D         E       F
            +---------+---------+-------+---------+---------+-------
      Total |     156 |      45 |  22.4 |      53 |       6 |  10.2
            +---------+---------+-------+---------+---------+-------
        D:1 |      61 |      10 |  14.1 |      31 |       5 |  13.9
        D:2 |      95 |      35 |  26.9 |      22 |       1 |   4.3
            +---------+---------+-------+---------+---------+-------
